 Dungeon Sprint DCSS version 0.20.1-1-g8b1a95d (console) character file.

227 hilaritas the Arsonist (level 5, 0/33 HPs)
             Began as a Deep Elf Fire Elementalist on Feb 12, 2018.
             Was a Priest of Vehumet.
             Slain by an orc priest
             ... wielding a +0 hand axe
              (10 damage)
             ... in the Dungeon (Sprint V: "Ziggurat Sprint").
             The game lasted 00:06:08 (547 turns).

hilaritas the Arsonist (Deep Elf Fire Elementalist)  Turns: 547, Time: 00:06:09

Health: 0/33       AC:  2    Str:  5    XL:     5   Next: 70%
Magic:  6/28       EV: 15    Int: 21    God:    Vehumet [***...]
Gold:   0          SH:  8    Dex: 15    Spells: 4/12 levels left

rFire    . . .     SeeInvis .   T - staff of power
rCold    . . .     Gourm    .   N - +3 buckler
rNeg     . . .     Faith    .   a - +0 robe
rPois    .         Spirit   .   (no helmet)
rElec    .         Reflect  .   (no cloak)
rCorr    .         Harm     .   (no gloves)
MR       .....     NoTele   +   (no boots)
Stlth    ++........             (no amulet)
Regen    0.2/turn               (no ring)
MPRegen  0.3/turn               (no ring)

@: no status effects
A: no striking features
a: Renounce Religion


You were in the Dungeon.
You worshipped Vehumet.
Vehumet was most pleased with you.
You were not hungry.

You visited 1 branch

Inventory:

Hand Weapons
 M - a +5 quick blade
Armour
 a - a +0 robe (worn)
 N - a +3 buckler (worn)
 O - +5 fire dragon scales
 S - the +1 scale mail of the Cicada {rElec Dex+4 Slay+3}
   (You found it in the Dungeon)

   It affects your dexterity (+4).
   It affects your accuracy and damage with ranged weapons and melee attacks
   (+3).
   It insulates you from electricity.
Magical Staves
 C - an uncursed staff of energy
 T - an uncursed staff of power (weapon)
Jewellery
 D - a +6 ring of dexterity
 E - a +6 ring of dexterity
 F - a +6 ring of intelligence
 G - a +6 ring of intelligence
 H - a +6 ring of strength
 I - a +6 ring of strength
 J - an uncursed ring of flight
Wands
 y - a wand of disintegration (7/24)
 z - a wand of iceblast (5/15)
 A - a wand of lightning (5/15)
 B - a wand of acid (5/15)
Scrolls
 i - 4 scrolls of blinking
 p - 4 scrolls of amnesia
 q - 3 scrolls of recharging
 r - 7 scrolls of fog
 s - 2 scrolls of holy word
 t - 5 scrolls of identify
 u - 5 scrolls of remove curse
 v - 2 scrolls of fear
Potions
 d - 10 potions of curing
 e - 8 potions of heal wounds
 f - 6 potions of haste
 g - 7 potions of magic
 h - 3 potions of berserk rage
 j - 2 potions of brilliance
 k - 2 potions of invisibility
 l - 4 potions of resistance
 n - 5 potions of agility
 o - 4 potions of might
Books
 b - a book of Flames

   Spells                             Type                      Level
   a - Flame Tongue                   Conjuration/Fire             1
   b - Throw Flame                    Conjuration/Fire             2
   c - Conjure Flame                  Conjuration/Fire             3
   d - Inner Flame                    Hexes/Fire                   3
   e - Sticky Flame                   Conjuration/Fire             4
   f - Fireball                       Conjuration/Fire             5
 P - a book of Cantrips

   Spells                             Type                      Level
   a - Confusing Touch                Hexes                        1
   b - Animate Skeleton               Necromancy                   1
   c - Summon Small Mammal            Summoning                    1
   d - Apportation                    Translocation                1
 R - a book of the Dragon

   Spells                             Type                      Level
   a - Flame Tongue                   Conjuration/Fire             1
   b - Cause Fear                     Hexes                        4
   c - Bolt of Fire                   Conjuration/Fire             6
   d - Dragon Form                    Transmutation                7
   e - Dragon's Call                  Summoning                    9
Miscellaneous
 K - a lightning rod (4/4)
 L - a crystal ball of energy
 Q - a lamp of fire
Comestibles
 c - 5 bread rations
 w - 42 fruits
 x - 4 meat rations


   Skills:
 * Level 4.0 Fighting
 + Level 5.3 Dodging
 - Level 2.4 Stealth
 - Level 5.8 Shields
 * Level 4.3 Spellcasting
 - Level 4.0 Conjurations
 - Level 8.1 Fire Magic


You had 4 spell levels left.
You knew the following spells:

 Your Spells              Type           Power        Failure   Level  Hunger
a - Flame Tongue          Conj/Fire      ####.        1%          1    None
b - Throw Flame           Conj/Fire      ####..       1%          2    #......
c - Fireball              Conj/Fire      ####......   7%          5    ######.


Dungeon Overview and Level Annotations

Branches:
Dungeon (1/1)

Altars:
Ashenzari
Cheibriados
Dithmenos
Elyvilon
Fedhas
Gozag
Hepliaklqana
Kikubaaqudgha
Makhleb
Nemelex Xobeh
Okawaru
Qazlal
Ru
Sif Muna
Trog
Uskayaw
Vehumet
Xom
Yredelemnul
Zin
The Shining One
Beogh
Jiyva
Lugonu

Annotations:
D 1 transporter


Message History

The puff of flame misses the orc priest.
The orc priest hits you with a hand axe!
Casting: Throw Flame
Confirm with . or Enter, or press ? or * to list all spells.
Aiming: Throw Flame
Press: ? - help, Shift-Dir - straight line, f/p - orc priest
Aim: an orc priest, wielding a hand axe, wearing a leather armour and wearing the ring "Moloelyng" {Fire rPois Slay+2} The puff of flame hits the orc priest.
The orc priest resists.
The orc priest is moderately wounded.
The orc priest hits you with a hand axe.
All of the chunks of flesh in your inventory have rotted away.
Casting: Throw Flame
Confirm with . or Enter, or press ? or * to list all spells.
Aiming: Throw Flame
Press: ? - help, Shift-Dir - straight line, f/p - orc priest
Aim: an orc priest, wielding a hand axe, wearing a leather armour and wearing the ring "Moloelyng" {Fire rPois Slay+2} (moderately wounded)
The puff of flame hits the orc priest.
The orc priest resists.
The orc priest is severely wounded.
The orc priest hits you with a hand axe!
You die...

▓.....▓.....▓..)).▓
▓.....▓.....▓.....▓
▓.....▓.....▓▓▓▓▓▓▓
▓▓▓▓▓▓▓▓▓▓▓▓▓▓
▓..8©8...▓
▓..[=....▓
▓...)....▓
▓........▓
...)....▓
▓.▓.)o.▓.▓
▓..)@....▓
▓▓▓▓▓▓▓▓▓▓


You could see an orc priest.

Vanquished Creatures
  A water moccasin (D)
  2 quasits (D)
  An orc priest (D)
  An adder (D)
  4 orcs (D)
  2 ball pythons (D)
  A bat zombie (D)
12 creatures vanquished.

Notes
Turn   | Place    | Note
-------+----------+-------------------------------------------
     0 | D        | hilaritas the Deep Elf Fire Elementalist began the quest for the Orb.
     0 | D        | Reached XP level 1. HP: 10/10 MP: 6/6
     0 | D        | Found a deep blue altar of Sif Muna.
     0 | D        | Found a sacrificial altar of Ru.
     0 | D        | Found a bloodstained altar of Trog.
     0 | D        | Found a stormy altar of Qazlal.
     0 | D        | Found an iron altar of Okawaru.
     0 | D        | Found a sparkling altar of Nemelex Xobeh.
     0 | D        | Found a blossoming altar of Fedhas.
     2 | D        | Found a transporter.
     2 | D        | Found an ancient bone altar of Kikubaaqudgha.
     2 | D        | Found a viscous altar of Jiyva.
     2 | D        | Found a corrupted altar of Lugonu.
     2 | D        | Found a hazy altar of Hepliaklqana.
     2 | D        | Found a burning altar of Makhleb.
     2 | D        | Found an opulent altar of Gozag.
    50 | D        | Reached skill level 5 in Dodging
    50 | D        | Reached XP level 2. HP: 15/15 MP: 8/8
    54 | D        | Learned a level 2 spell: Throw Flame
    65 | D        | Became a worshipper of Vehumet
    78 | D        | Entered arena 2.
    78 | D        | Found a transporter.
   198 | D        | Entered arena 3.
   198 | D        | Found a transporter.
   209 | D        | Reached * piety under Vehumet
   209 | D        | Offered knowledge of Shock by Vehumet.
   209 | D        | Reached skill level 1 in Fighting
   209 | D        | Reached skill level 4 in Fire Magic
   209 | D        | Reached XP level 3. HP: 14/20 MP: 1/9
   211 | D        | Reached skill level 5 in Fire Magic
   211 | D        | Reached XP level 4. HP: 18/26 MP: 1/10
   308 | D        | Entered arena 4.
   308 | D        | Noticed a water moccasin
   308 | D        | Found a transporter.
   315 | D        | Reached ** piety under Vehumet
   315 | D        | Reached skill level 6 in Fire Magic
   319 | D        | Killed a water moccasin
   319 | D        | Reached skill level 5 in Shields
   319 | D        | Reached skill level 8 in Fire Magic
   319 | D        | Reached XP level 5. HP: 22/32 MP: 2/11
   332 | D        | Got the +1 scale mail of the Cicada {rElec Dex+4 Slay+3}
   533 | D        | Learned a level 5 spell: Fireball
   534 | D        | Entered arena 5.
   534 | D        | Found a transporter.
   536 | D        | Offered knowledge of Throw Frost by Vehumet.
   536 | D        | Reached *** piety under Vehumet
   547 | D        | Slain by an orc priest

Skill      XL: |  1  2  3  4  5 |
---------------+----------------+-----
Dodging        | 5 |  5.3
Shields        | 4 5 |  5.8
Conjurations   | 4 |  4.0
Fighting       | 1 2 3 4 |  4.0
Fire Magic     | 4 5 8 |  8.1
Spellcasting   | 4 |  4.3
Stealth        | |  2.4

Action                   |  1- 3 |  4- 6 || total
-------------------------+-------+-------++-------
Melee: Quick blade       |     6 |     1 ||     7
 Cast: Flame Tongue      |     6 |    13 ||    19
       Throw Flame       |     4 |    12 ||    16
  Use: Potion            |     3 |     1 ||     4
Armor: Robe              |    12 |     1 ||    13
Dodge: Dodged            |    38 |    31 ||    69
Block: Buckler           |    17 |    14 ||    31
